 Dungeon Crawl Stone Soup version 0.19-GnollCrawlA-1-g03664ee (webtiles) character file.

435 MordorOrchid the Shield-Bearer (level 1, -3/22 HPs)
             Began as a Troll Fighter on Oct 27, 2019.
             Was a Follower of Pakellas.
             Slain by a gnoll (5 damage)
             ... on level 3 of the Dungeon.
             The game lasted 00:16:13 (2381 turns).

MordorOrchid the Shield-Bearer (Troll Fighter)      Turns: 2381, Time: 00:16:13

Health: -3/22      AC:  5    Str: 23    XL:     1   Next: 0%
Magic:  0/0        EV:  3    Int:  4    God:    Pakellas [*.....]
Gold:   87         SH:  8    Dex:  9    Spells: 0 memorised, 0 levels left

rFire  . . .     SeeInvis .     p - +0 spear (pierce)
rCold  . . .     Gourm    +     b - +0 robe
rNeg   . . .     Faith    .     c - +0 shield
rPois  .         Spirit   .     (helmet restricted)
rElec  .         Dismiss  .     (no cloak)
rCorr  .         Reflect  .     (gloves unavailable)
SustAt .         Harm     .     (boots unavailable)
MR     .....                    (no amulet)
Stlth  +.........               (no ring)
                                (no ring)

@:
A: unfitting armour, claws 3, fast metabolism 3, gourmand, regeneration 2,
shaggy fur 1, tough skin 2
a: Quick Charge, Renounce Religion


You were on level 3 of the Dungeon.
You worshipped Pakellas.
Pakellas was aware of your devotion.
You were completely stuffed.

You visited 2 branches of the dungeon, and saw 4 of its levels.

You collected 87 gold pieces.

Inventory:

Hand Weapons
 a - a +1 flail of protection
 p - a +0 spear of piercing (weapon)
 q - a +1 vampiric spear
 s - a +0 trident
Missiles
 g - 87 stones (quivered)
 o - 5 tomahawks
 r - 3 javelins
Armour
 b - a +0 robe (worn)
 c - a +0 shield (worn)
Wands
 n - a wand of slowing (10/48)
Scrolls
 f - a scroll of noise {unknown}
 i - a scroll of enchant weapon {unknown}
Potions
 d - a potion of might
 e - a potion of brilliance {unknown}
 h - a potion of lignification {unknown}
 j - a potion of agility {unknown}
 k - a potion of heal wounds {unknown}
 m - a potion of magic {unknown}


   Skills:
 + Level 2.4 Fighting
 + Level 1.5 Polearms
 + Level 2.4 Dodging
 + Level 2.4 Shields


You couldn't memorise any spells.
You didn't know any spells.

Dungeon Overview and Level Annotations

Branches:
Dungeon (3/15)             Temple (1/1) D:1

Altars:
Ashenzari
Cheibriados
Kikubaaqudgha
Makhleb
Okawaru
Pakellas
Trog
Uskayaw
Vehumet


Innate Abilities, Weirdness & Mutations

You are too large for most types of armour.
You have claws for hands.
Your metabolism is lightning-fast.
You like to eat raw meat.
You heal very quickly.
You are covered in fur. (AC +1)
You have very tough skin. (AC +2)


Message History

You block the gnoll's attack.
You puncture the gnoll!
The gnoll is almost dead.
You hit the gnoll.
You kill the gnoll!
Pakellas accepts your kill.
Things that are here:
a club; a gnoll corpse
There is a stone staircase leading down here.
You climb downwards.
The gnoll hits you with a spear! x2
* * * LOW HITPOINT WARNING * * *
You block the gnoll's attack. The gnoll barely misses you.
The gnoll hits you with a spear.
* * * LOW HITPOINT WARNING * * *
There is a stone staircase leading up, spattered with blood here.
Unknown command.
Unknown command.
The gnoll hits you.
You die...
Pakellas says: Time to find a new assistant...

#######
##.....##
##.......##
#.........#
#.........#
#..@g......
#..g.g......
#............
#.............
#.............
#.............
##............
##...........


You could see 3 gnolls.

Vanquished Creatures
  44 gnolls
44 creatures vanquished.

Notes
Turn   | Place    | Note
-------+----------+-------------------------------------------
     0 | D:1      | MordorOrchid the Troll Fighter began the quest for the Orb.
     0 | D:1      | Reached XP level 1. HP: 22/22 MP: 0/0
   170 | D:1      | Found a staircase to the Ecumenical Temple.
   288 | Temple   | Entered the Ecumenical Temple
   313 | Temple   | Became a worshipper of Pakellas the Inventive
  1105 | D:1      | Reached * piety under Pakellas
  1105 | D:1      | Received a gift from Pakellas
  1629 | D:2      | Found a faded altar of an unknown god.
  2381 | D:3      | Slain by a gnoll

Action                   || total
-------------------------++-------
Melee: Trident           ||   182
       Spear             ||    25
Throw: Javelin           ||    46
       Stone             ||    12
Evoke: Wand              ||     5
  Use: Scroll            ||     2
 Stab: Sleeping          ||     1
  Eat: Bread ration      ||     2
Armor: Robe              ||    13
Dodge: Dodged            ||    58
Block: Shield            ||    69
